SAAA
BAGLEY LOONS @ VIOLA SPEARHEADS
09/12/2018
 
TOP OF THE 1ST
Bagley Loons batting - Pitching for Viola Spearheads : RHP Jim Unknown
Pitching: RHP Jim Unknown
Batting: RHB Adam Hennessey 0-0: Called Strike
0-1: Foul Ball, location: 2F
0-2: Foul Ball, location: 2F
0-2: Foul Ball, location: 2F
0-2: Ground out 3-1 (Groundball, 34S)
Batting: LHB Ralph Dunford 0-0: Ball
1-0: Fly out, F8 (Flyball, 8LM)
Batting: LHB Rafael García 0-0: Called Strike
0-1: Ball
1-1: Foul Ball, location: 2F
1-2: Ball
2-2: Foul Ball, location: 2F
2-2: Ball
3-2: Foul Ball, location: 2F
3-2: Reached on error, E5 (Groundball, 56S)
Batting: RHB Karl Schultz Pickoff Throw to First - Out!
Top of the 1st over - 0 run(s), 0 hit(s), 1 error(s), 0 left on base; Bagley 0 - Viola 0
BOTTOM OF THE 1ST
Viola Spearheads batting - Pitching for Bagley Loons : LHP Stanley Anderson
Pitching: LHP Stanley Anderson
Batting: RHB Jim Unknown 0-0: Fly out, F6 (Popup, 6MD)
Batting: LHB Jim Unknown 0-0: Ball
1-0: Swinging Strike
1-1: Ball
2-1: Foul Ball, location: 2F
2-2: Fly out, F8 (Flyball, 8LM)
Batting: LHB Jim Unknown 0-0: Called Strike
0-1: Called Strike
0-2: Foul Ball, location: 2F
0-2: Strikes out looking
Bottom of the 1st over - 0 run(s), 0 hit(s), 0 error(s), 0 left on base; Bagley 0 - Viola 0
TOP OF THE 2ND
Bagley Loons batting - Pitching for Viola Spearheads : RHP Jim Unknown
Batting: RHB Karl Schultz 0-0: Fly out, F9 (Flyball, 9M)
Batting: RHB Guillermo Montoya 0-0: Called Strike
0-1: Ball
1-1: SOLO HOME RUN (Flyball, 7D), Distance : 421 ft
Batting: RHB Bill Dennis 0-0: Ball
1-0: Ball
2-0: Fly out, F3 (Popup, 34S)
Batting: RHB Mike Alford 0-0: Fly out, F9 (Popup, 3D)
Top of the 2nd over - 1 run(s), 1 hit(s), 0 error(s), 0 left on base; Bagley 1 - Viola 0
BOTTOM OF THE 2ND
Viola Spearheads batting - Pitching for Bagley Loons : LHP Stanley Anderson
Batting: LHB Jim Unknown 0-0: Ball
1-0: Ball
2-0: Ball
3-0: Called Strike
3-1: Foul Ball, location: 2F
3-2: Base on Balls
Batting: RHB Jim Unknown 0-0: Ball
1-0: Foul Ball, location: 2F
1-1: Swinging Strike
1-2: Foul Ball, location: 2F
1-2: Hit by Pitch
Jim Unknown to second
Batting: RHB Jim Unknown 0-0: Foul Ball, location: 2F
0-1: Ball
Jim Unknown steals 3rd base
Jim Unknown to second
1-1: Ball
2-1: Foul Ball, location: 2F
2-2: Ball
3-2: Base on Balls
Batting: RHB Jim Unknown 0-0: Ball
1-0: Fly out, F8 (Flyball, 78S)
Batting: RHB Jim Unknown 0-0: Called Strike
0-1: Ball
1-1: Fly out, F4 (Popup, 4MD)
Batting: RHB Jim Unknown 0-0: Swinging Strike
0-1: Fly out, F5 (Popup, 15)
Bottom of the 2nd over - 0 run(s), 0 hit(s), 0 error(s), 3 left on base; Bagley 1 - Viola 0
TOP OF THE 3RD
Bagley Loons batting - Pitching for Viola Spearheads : RHP Jim Unknown
Batting: RHB Eddie O'Bryan 0-0: Ball
1-0: Ball
2-0: Swinging Strike
2-1: Ball
3-1: Ground out 4-3 (Groundball, 4)
Batting: RHB Bob Curry 0-0: Called Strike
0-1: Called Strike
0-2: Strikes out swinging
Batting: RHB Adam Hennessey 0-0: Foul Ball, location: 2F
0-1: Ball
1-1: Called Strike
1-2: Ball
2-2: Strikes out swinging
Top of the 3rd over - 0 run(s), 0 hit(s), 0 error(s), 0 left on base; Bagley 1 - Viola 0
BOTTOM OF THE 3RD
Viola Spearheads batting - Pitching for Bagley Loons : LHP Stanley Anderson
Batting: RHB Jim Unknown 0-0: Ball
1-0: Fly out, F7 (Line Drive, 7M)
Batting: LHB Jim Unknown 0-0: Ball
1-0: Swinging Strike
1-1: SINGLE (Line Drive, 56D)
Batting: LHB Jim Unknown 0-0: Ball
1-0: Called Strike
1-1: Ball
2-1: Fly out, F8 (Flyball, 78D)
Batting: LHB Jim Unknown 0-0: Fly out, F8 (Flyball, 8LM)
Bottom of the 3rd over - 0 run(s), 1 hit(s), 0 error(s), 1 left on base; Bagley 1 - Viola 0
TOP OF THE 4TH
Bagley Loons batting - Pitching for Viola Spearheads : RHP Jim Unknown
Batting: LHB Ralph Dunford 0-0: Called Strike
0-1: Called Strike
0-2: Ball
1-2: Strikes out swinging
Batting: LHB Rafael García 0-0: SINGLE (Line Drive, 4MD)
Batting: RHB Karl Schultz 0-0: Ball
1-0: SINGLE (Line Drive, 5D)
Rafael García to second
Batting: RHB Guillermo Montoya 0-0: Called Strike
0-1: Ball
1-1: Grounds into double play, 5-4-3 (Groundball, 56)
Top of the 4th over - 0 run(s), 2 hit(s), 0 error(s), 1 left on base; Bagley 1 - Viola 0
BOTTOM OF THE 4TH
Viola Spearheads batting - Pitching for Bagley Loons : LHP Stanley Anderson
Batting: RHB Jim Unknown 0-0: Ball
1-0: Ball
2-0: Ball
3-0: Called Strike
3-1: Fly out, F8 (Flyball, 89D)
Batting: RHB Jim Unknown 0-0: Fly out, F9 (Flyball, 89M)
Batting: RHB Jim Unknown 0-0: Swinging Strike
0-1: Foul Ball, location: 2F
0-2: Ball
1-2: Ground out 6-3 (Groundball, 6)
Bottom of the 4th over - 0 run(s), 0 hit(s), 0 error(s), 0 left on base; Bagley 1 - Viola 0
TOP OF THE 5TH
Bagley Loons batting - Pitching for Viola Spearheads : RHP Jim Unknown
Batting: RHB Bill Dennis 0-0: Ground out 4-3 (Groundball, 4)
Batting: RHB Mike Alford 0-0: Ball
1-0: Swinging Strike
1-1: Swinging Strike
1-2: Ball
2-2: Ball
3-2: Foul Ball, location: 2F
3-2: Foul Ball, location: 2F
3-2: Fly out, F1 (Line Drive, 15S)
Batting: RHB Eddie O'Bryan 0-0: Ball
1-0: SINGLE (Line Drive, 4)
Batting: RHB Bob Curry 0-0: Called Strike
0-1: Ball
1-1: Swinging Strike
1-2: Foul Ball, location: 2F
1-2: Fly out, F9 (Flyball, 89M)
Top of the 5th over - 0 run(s), 1 hit(s), 0 error(s), 1 left on base; Bagley 1 - Viola 0
BOTTOM OF THE 5TH
Viola Spearheads batting - Pitching for Bagley Loons : LHP Stanley Anderson
Batting: RHB Jim Unknown 0-0: Swinging Strike
0-1: Ball
1-1: SOLO HOME RUN (Line Drive, 78XD), Distance : 442 ft
Batting: RHB Jim Unknown 0-0: Ball
1-0: Called Strike
1-1: Ball
2-1: Swinging Strike
2-2: Strikes out looking
Batting: RHB Jim Unknown 0-0: Ball
1-0: Ball
2-0: Ball
3-0: Base on Balls
Batting: LHB Jim Unknown 0-0: Fly out, F9 (Flyball, 9M)
Batting: LHB Jim Unknown 0-0: Ball
1-0: Swinging Strike
1-1: Foul Ball, location: 2F
1-2: Fly out, F9 (Flyball, 9S)
Bottom of the 5th over - 1 run(s), 1 hit(s), 0 error(s), 1 left on base; Bagley 1 - Viola 1
TOP OF THE 6TH
Bagley Loons batting - Pitching for Viola Spearheads : RHP Jim Unknown
Batting: RHB Adam Hennessey 0-0: Ball
1-0: SINGLE (Line Drive, 3)
Batting: LHB Ralph Dunford 0-0: Ball
1-0: Sac Bunt - play at first, batter OUT! 1-4
Adam Hennessey to second
Batting: LHB Rafael García 0-0: Foul Ball, location: 2F
0-1: Foul Ball, location: 2F
0-2: SINGLE (Popup, 4)
Adam Hennessey to third
Runner from 3rd tries for Home, SAFE, no throw or cutoff
Batting: RHB Karl Schultz 0-0: Called Strike
0-1: Foul Ball, location: 2F
0-2: Strikes out looking
Batting: RHB Guillermo Montoya 0-0: SINGLE (Line Drive, 4D)
Rafael García to second
Runner from 2nd tries for 3rd, SAFE, throw made to third
Batting: RHB Bill Dennis 0-0: SINGLE (Line Drive, 7LM)
Rafael García scores
Guillermo Montoya to second
Batting: RHB Mike Alford 0-0: Swinging Strike
0-1: Foul Ball, location: 2F
0-2: Strikes out swinging
Top of the 6th over - 2 run(s), 4 hit(s), 0 error(s), 2 left on base; Bagley 3 - Viola 1
BOTTOM OF THE 6TH
Viola Spearheads batting - Pitching for Bagley Loons : LHP Stanley Anderson
Batting: LHB Jim Unknown 0-0: Foul Ball, location: 2F
0-1: Ball
1-1: Fly out, F7 (Line Drive, 78M)
Batting: RHB Jim Unknown 0-0: Ball
1-0: Foul Ball, location: 2F
1-1: Ball
2-1: Swinging Strike
2-2: Foul Ball, location: 2F
2-2: Ball
3-2: SOLO HOME RUN (Flyball, 7D), Distance : 400 ft
Batting: RHB Jim Unknown 0-0: Called Strike
0-1: Ball
1-1: Foul Ball, location: 2F
1-2: Ball
2-2: SINGLE (Groundball, 5L)
Batting: RHB Jim Unknown 0-0: Fly out, F9 (Flyball, 9M)
Batting: RHB Jim Unknown 0-0: Foul Ball, location: 2F
0-1: Ball
1-1: Ball
2-1: Fielders Choice at 2nd, U6 (Groundball, 6M)
Bottom of the 6th over - 1 run(s), 2 hit(s), 0 error(s), 1 left on base; Bagley 3 - Viola 2
TOP OF THE 7TH
Bagley Loons batting - Pitching for Viola Spearheads : RHP Jim Unknown
Batting: RHB Eddie O'Bryan 0-0: Called Strike
0-1: Ball
1-1: SINGLE (Line Drive, 56)
Batting: RHB Bob Curry 0-0: Bunted foul
0-1: Bunted foul
0-2: Ball
1-2: Ball
2-2: SINGLE (Groundball, 6)
Eddie O'Bryan to second
Batting: RHB Adam Hennessey 0-0: Called Strike
0-1: Bunted foul
0-2: Ball
1-2: Foul Ball, location: 2F
1-2: Ball
2-2: SINGLE (Groundball, 56D)
Eddie O'Bryan to third
Bob Curry to second
Batting: LHB Ralph Dunford 0-0: Ball
1-0: Ball
2-0: Called Strike
2-1: Grounds into fielders choice 4-2 (Groundball, 4)
Bob Curry to third
Adam Hennessey to second
Batting: LHB Rafael García 0-0: Called Strike
0-1: Swinging Strike
0-2: Ball
1-2: Ball
2-2: Strikes out swinging
Batting: RHB Karl Schultz 0-0: Called Strike
0-1: Called Strike
0-2: Strikes out swinging
Top of the 7th over - 0 run(s), 3 hit(s), 0 error(s), 3 left on base; Bagley 3 - Viola 2
BOTTOM OF THE 7TH
Viola Spearheads batting - Pitching for Bagley Loons : LHP Stanley Anderson
Batting: RHB Jim Unknown 0-0: Foul Ball, location: 2F
0-1: Called Strike
0-2: Strikes out looking
Batting: RHB Jim Unknown 0-0: Ball
1-0: Ball
2-0: Called Strike
2-1: SINGLE (Groundball, 6MD)
Batting: LHB Jim Unknown 0-0: Ball
1-0: Ball
2-0: Called Strike
2-1: Foul Ball, location: 2F
2-2: Foul Ball, location: 2F
2-2: Ball
3-2: Base on Balls
Jim Unknown to second
Pitching: LHP Aurelio Martínez
Batting: LHB Jim Unknown 0-0: Called Strike
0-1: Ball
1-1: Ball
2-1: Called Strike
2-2: Foul Ball, location: 2F
2-2: Ball
3-2: Ground out U3 (Groundball, 3S)
Jim Unknown to third
Jim Unknown to second
Batting: LHB Jim Unknown 0-0: Ball
1-0: Called Strike
1-1: Ball
2-1: Ground out 3-1 (Groundball, 3L)
Bottom of the 7th over - 0 run(s), 1 hit(s), 0 error(s), 2 left on base; Bagley 3 - Viola 2
TOP OF THE 8TH
Bagley Loons batting - Pitching for Viola Spearheads : RHP Jim Unknown
Batting: RHB Guillermo Montoya 0-0: Ball
1-0: Called Strike
1-1: Ball
2-1: Foul Ball, location: 2F
2-2: Ball
3-2: Fly out, F9 (Line Drive, 9M)
Batting: RHB Bill Dennis 0-0: Ball
1-0: Ball
2-0: Called Strike
2-1: Foul Ball, location: 2F
2-2: Ball
3-2: Foul Ball, location: 2F
3-2: Fly out, F8 (Flyball, 8LM)
Batting: RHB Mike Alford 0-0: Fly out, F9 (Flyball, 9LM)
Top of the 8th over - 0 run(s), 0 hit(s), 0 error(s), 0 left on base; Bagley 3 - Viola 2
BOTTOM OF THE 8TH
Viola Spearheads batting - Pitching for Bagley Loons : LHP Aurelio Martínez
Pitching: RHP Artie Beardsall
Batting: RHB Jim Unknown 0-0: Called Strike
0-1: Foul Ball, location: 2F
0-2: Strikes out swinging
Batting: RHB Jim Unknown 0-0: Ball
1-0: Ball
2-0: Fly out, F3 (Popup, 3F)
Batting: RHB Jim Unknown 0-0: Called Strike
0-1: Foul Ball, location: 2F
0-2: Strikes out swinging
Bottom of the 8th over - 0 run(s), 0 hit(s), 0 error(s), 0 left on base; Bagley 3 - Viola 2
TOP OF THE 9TH
Bagley Loons batting - Pitching for Viola Spearheads : RHP Jim Unknown
Pitching: RHP Jim Unknown
Batting: RHB Eddie O'Bryan 0-0: Hit by Pitch
Pinch Hitting: LHB Kenko Ueda 0-0: Called Strike
0-1: Foul Ball, location: 2F
0-2: Strikes out swinging
Batting: RHB Adam Hennessey 0-0: Ball
1-0: Called Strike
1-1: Ball
2-1: Fly out, F9 (Line Drive, 9M)
Batting: LHB Ralph Dunford 0-0: Called Strike
0-1: Ground out 4-3 (Groundball, 4)
Top of the 9th over - 0 run(s), 0 hit(s), 0 error(s), 1 left on base; Bagley 3 - Viola 2
BOTTOM OF THE 9TH
Viola Spearheads batting - Pitching for Bagley Loons : RHP Artie Beardsall
Pitching: RHP Jim Unknown
Now in RF: Kenko Ueda
Batting: RHB Jim Unknown 0-0: Ball
1-0: Ball
2-0: SINGLE (Flyball, 7S) - OUT at second base trying to stretch hit.
Batting: RHB Jim Unknown 0-0: Ball
1-0: Called Strike
1-1: Ground out 6-3 (Groundball, 6)
Pinch Hitting: RHB Jim Unknown 0-0: Called Strike
0-1: Ball
1-1: Foul Ball, location: 2F
1-2: DOUBLE (Flyball, 7LM)
Batting: LHB Jim Unknown 0-0: Ground out 4-3 (Groundball, 4M)
Bottom of the 9th over - 0 run(s), 2 hit(s), 0 error(s), 1 left on base; Bagley 3 - Viola 2
This league is powered by Out of the Park Baseball, the baseball management simulation game for PC, Mac and Linux
Monday, May 4th, 2015 - OOTP Baseball 15.6 Build 34